 Dungeon Crawl Stone Soup version 0.29-a0-334-gb41bcbb86e (webtiles) character file.

Game seed: 5564260386770749457

29 khangoldenlief the Firebug (level 3, -4/19 HPs)
             Began as a Deep Elf Fire Elementalist on Apr 13, 2022.
             Slain by Sigmund
             ... wielding a +0 scythe
              (9 damage)
             ... on level 2 of the Dungeon.
             The game lasted 00:13:46 (1834 turns).

khangoldenlief the Firebug (DEFE)                   Turns: 1834, Time: 00:13:47

Health: -4/19      AC:  4    Str:  5    XL:     3   Next: 1%
Magic:  8/9        EV: 11    Int: 21    God:
Gold:   106        SH:  0    Dex: 15    Spells: 7/8 levels left

rFire   + . .      SeeInvis .   k - staff of fire
rCold   . . .      Faith    .   (no shield)
rNeg    . . .      Spirit   .   f - +0 leather armour
rPois   .          Reflect  .   (no helmet)
rElec   .          Harm     .   (no cloak)
rCorr   .          Rampage  .   (no gloves)
Will    .....                   w - +0 pair of boots
Stlth   ++........              (no amulet)
HPRegen 0.06/turn               (no ring)
MPRegen 0.11/turn               (no ring)

@: no status effects
A: no striking features
a: no special abilities


You were on level 2 of the Dungeon.
You visited 1 branch of the dungeon, and saw 2 of its levels.

You collected 106 gold pieces.

Inventory:

Hand Weapons
 e - a +0 club
 h - a +0 mace
 j - a +0 hand axe
 m - a +0 spear
 n - a +0 dagger
 p - a +0 club
 r - a +0 club
 x - a +0 dagger
 A - a +0 dagger
 C - a +0 short sword
 D - a +0 long sword
Missiles
 y - 39 stones
 z - 2 throwing nets
Armour
 a - a +0 robe
 f - a +0 leather armour (worn)
 g - a +0 leather armour
 l - a +0 leather armour
 q - a +0 leather armour
 t - a +0 leather armour
 u - a +0 robe
 w - a +0 pair of boots (worn)
 B - a +0 plate armour
Magical Staves
 k - a staff of fire (weapon)
Scrolls
 c - a scroll of teleportation {unknown}
 o - a scroll of enchant armour {unknown}
 v - 4 scrolls of identify {unknown}
Potions
 b - 2 potions of magic
 d - a potion of cancellation {unknown}
 i - 3 potions of curing {unknown}
 s - a potion of flight {unknown}


   Skills:
 + Level 2.5 Dodging
 + Level 2.7 Stealth
 + Level 3.3 Spellcasting
 + Level 1.2 Conjurations
 + Level 4.1 Fire Magic


You had 7 spell levels left.
You knew the following spells:

 Your Spells              Type           Power      Damage    Failure   Level
a - Foxfire               Conj/Fire      88%        2x1d8     7%          1

Your spell library contained the following spells:

 Spells                   Type           Power      Damage    Failure   Level
 Scorch                   Fire           62%        2d8       6%          2
 Summon Small Mammal      Summ           12%        N/A       22%         1
 Conjure Flame            Conj/Fire      22%        6-21      22%         3
 Inner Flame              Hex/Fire       18%        N/A       26%         3
 Flame Wave               Conj/Fire      22%        2d7       56%         4


Dungeon Overview and Level Annotations

Branches:
Dungeon (2/15)

Altars:

Annotations:
D:2 Sigmund


Message History

You disentangle yourself.
You hit the plant.
The plant begins to die.
The plant is lightly damaged.
You hit the plant.
The plant is lightly damaged.
You hit the plant but do no damage.
The plant is lightly damaged.
A nearby plant withers and dies.
You now have 106 gold pieces (gained 9).
You pick up Plato's Catalogue of the Escort and begin reading...
You add the spell Summon Small Mammal to your library.
There is a faded altar of an unknown god here.
There is a faded altar of an unknown god here.
Casting: Foxfire (safe; 7% risk of failure)
Confirm with . or Enter, or press ? or * to list all spells.
Okay, then.
Found a stone staircase leading up.
Sigmund the Dreaded comes into view.
He is wielding a +0 scythe and wearing a +2 robe of resistance.
Sigmund shouts!
Found a stone staircase leading down.
Sigmund gestures at you while chanting. You resist with some effort.
There is a stone staircase leading up here.
Sigmund barely misses you.
You hit Sigmund but do no damage. Sigmund hits you with a +0 scythe!
Ouch! That really hurt!
Sigmund barely misses you.
Casting: Foxfire (safe; 7% risk of failure)
Confirm with . or Enter, or press ? or * to list all spells.
You feel a surge of power!
You conjure some foxfire!
Sigmund points at you and mumbles some strange words.
The puff of flame hits you. You resist.
* * * LOW HITPOINT WARNING * * *
The foxfire hits Sigmund.
Sigmund resists.
Sigmund is lightly wounded.
The foxfire hits Sigmund.
Sigmund resists.
Sigmund is lightly wounded.
Sigmund says, "Now you see me, now you don't..."
Sigmund hits you from afar with a +0 scythe!
You die...

.......................#.##
#.
##.#.......†...............
.
...........................
#####.....................
..P..#....................
#####.#.......## #>.......
.....#.#..##### ##@.......
#####.#.#.# #####..§......
#._.#.#.#.# #...@..§......
^.^.......###..###........
..........#...## #........
............### ####..###
....<.####### #.# ......#
.# ......# . ......# #
......#


You could see Sigmund.

Vanquished Creatures
  A dart slug (D:1)
  2 ball pythons (D:1)
  3 endoplasms (D:1)
  6 goblins
  2 hobgoblins (D:1)
  A quokka (D:2)
  4 bats
  2 frilled lizards (D:1)
  A kobold (D:2)
  3 rats
25 creatures vanquished.

Vanquished Creatures (others)
  74 foxfires
  2 fungi (D:2)
  2 plants (D:2)
78 creatures vanquished.

Grand Total: 103 creatures vanquished

Notes
Turn   | Place    | Note
-------+----------+-------------------------------------------
     0 | D:1      | khangoldenlief the Deep Elf Fire Elementalist began the
                  | quest for the Orb.
     0 | D:1      | Reached XP level 1. HP: 10/10 MP: 6/6
   428 | D:1      | Reached XP level 2. HP: 4/15 MP: 4/8
   888 | D:1      | Reached skill level 4 in Fire Magic
  1689 | D:2      | Reached XP level 3. HP: 18/19 MP: 7/9
  1785 | D:2      | Found a faded altar of an unknown god.
  1807 | D:2      | Got Plato's Catalogue of the Escort
  1825 | D:2      | Noticed Sigmund
  1834 | D:2      | Slain by Sigmund

Illustrated notes

Levels and vault maps discovered:
D:1:      dpeg_arrival_stone_temple_mockup, layout_basic, grunt_decor_cap
D:2:      layout_rooms, shapermc_ecumenical_altar_rom_forum,
          uniq_crazy_yiuf_cottage, uniq_sigmund

Skill      XL: |  1  2 |
---------------+-------+-----
Fire Magic     | 4 |  4.1
Dodging        | |  2.5
Stealth        | |  2.7
Spellcasting   | |  3.3
Conjurations   | |  1.2

Action                   || total
-------------------------++-------
Melee: Club              ||     1
       Staff             ||    10
 Cast: Foxfire           ||    50
Armor: Robe              ||    10
Dodge: Dodged            ||    24

Table legend: (Time is in decaauts)
 A = Elapsed time spent in this place.
 B = Non-inter-level travel time spent in this place.
 C = Inter-level travel time spent in this place.
 D = Time resting spent in this place.
 E = Time spent auto-exploring this place.
 F = Levels seen in this place.
 G = Mean time per level.
                   A        B        C        D        E       F      G
               +--------+--------+--------+--------+--------+-----+--------+
         Total |   1836 |   1341 |    495 |      0 |    901 |   2 |  918.0 |
       Dungeon |   1836 |   1341 |    495 |      0 |    901 |   2 |  918.0 |
               +--------+--------+--------+--------+--------+-----+--------+

Top non-repeatable levels by time:
     D:1: 1577 daAuts
     D:2: 259 daAuts
